 Dungeon Crawl Stone Soup version 0.21.1-1-g345015f (webtiles) character file.

72 sking99 the Poker (level 4, -1/35 HPs)
             Began as a Demonspawn Gladiator on June 30, 2018.
             Slain by a gnoll
             ... wielding a +2 spear of chaos
              (3 damage)
             ... on level 2 of the Dungeon.
             The game lasted 00:03:23 (1560 turns).

sking99 the Poker (Demonspawn Gladiator)            Turns: 1560, Time: 00:03:24

Health: -1/35      AC:  5    Str: 14    XL:     4   Next: 6%
Magic:  4/4        EV: 12    Int: 11    God:
Gold:   29         SH:  0    Dex: 14    Spells: 3/3 levels left

rFire    . . .     SeeInvis .   a - +0 trident
rCold    . . .     Gourm    .   (no shield)
rNeg     . . .     Faith    .   b - +0 leather armour
rPois    .         Spirit   .   c - +0 helmet
rElec    .         Reflect  .   (no cloak)
rCorr    .         Harm     .   (no gloves)
MR       .....                  (no boots)
Stlth    +.........             (no amulet)
HPRegen  0.11/turn              (no ring)
MPRegen  0.09/turn              (no ring)

@: no status effects
A: rugged brown scales 1, rot immunity
a: no special abilities


You were on level 2 of the Dungeon.
You were not hungry.

You visited 1 branch of the dungeon, and saw 2 of its levels.

You collected 29 gold pieces.

Inventory:

Hand Weapons
 a - a +0 trident (weapon)
Missiles
 d - 3 throwing nets (quivered)
Armour
 b - a +0 leather armour (worn)
 c - a +0 helmet (worn)
Scrolls
 h - 4 scrolls of identify {unknown}
 m - a scroll of blinking {unknown}
Potions
 e - 3 potions of haste {unknown}
 g - a potion of flight {unknown}
 i - a potion of heal wounds {unknown}
 k - a potion of agility {unknown}
 l - a potion of mutation {unknown}
 n - a potion of curing {unknown}
Comestibles
 f - 6 rations


   Skills:
 + Level 2.9 Fighting
 * Level 4.0 Polearms
 - Level 1.7 Throwing
 - Level 2.6 Dodging


You had 3 spell levels left.
You didn't know any spells.

Dungeon Overview and Level Annotations

Branches:
Dungeon (2/15)

Altars:


Innate Abilities, Weirdness & Mutations

You are partially covered in rugged brown scales. (AC +1, +3% HP)
You are immune to rotting.


Message History

Found a pair of gloves.
A gnoll comes into view. It is wielding a dagger of chaos.
The gnoll shouts!
You hear a shout! x2 2 gnolls come into view.
A gnoll is wielding a dagger of chaos.
A gnoll is wielding a spear of chaos.
You don't know any spells.
The gnoll shouts!
You hit the gnoll but do no damage. The gnoll completely misses you.
You barely miss the gnoll. The gnoll closely misses you.
The gnoll barely misses you.
You puncture the gnoll!
The gnoll is severely wounded.
The gnoll hits you with a dagger of chaos!
You are electrocuted!
Ouch! That really hurt!
* * * LOW HITPOINT WARNING * * *
The gnoll hits you from afar with a spear of chaos!
* * * LOW HITPOINT WARNING * * *
The gnoll freezes you.
You die...

#######..#.# #.....#
#..#.# ####.....#####
#..#.####.............
#................####
#.......###......#
#######.###.##.###
#.#...##.# #.#.#.##.#
###@###### ##gg.⌠≈#
§g≈##.# [.≈.≈ ⌠....#
#≈.≈..≈ ##### #.#.#.
#...# #≈#.^ #.###


You could see 3 gnolls.

Vanquished Creatures
  2 adders (D:2)
  2 dart slugs
  3 leopard geckos
  A ball python (D:1)
  5 giant cockroaches (D:1)
  2 goblins (D:1)
  5 hobgoblins (D:1)
  3 jackals (D:1)
  8 bats
  3 frilled lizards
  5 kobolds
  7 rats
46 creatures vanquished.

Notes
Turn   | Place    | Note
-------+----------+-------------------------------------------
     0 | D:1      | sking99 the Demonspawn Gladiator began the quest for the Orb.
     0 | D:1      | Reached XP level 1. HP: 16/16 MP: 1/1
   153 | D:1      | Reached skill level 3 in Polearms
   185 | D:1      | Gained mutation: You are immune to rotting. [demonic ancestry]
   185 | D:1      | Reached XP level 2. HP: 21/22 MP: 2/2
   553 | D:1      | Gained mutation: You are partially covered in rugged brown scales. (AC +1, +3% HP) [demonic ancestry]
   553 | D:1      | Reached XP level 3. HP: 23/28 MP: 3/3
  1374 | D:2      | Reached skill level 4 in Polearms
  1374 | D:2      | Reached XP level 4. HP: 18/35 MP: 4/4
  1560 | D:2      | Slain by a gnoll

Skill      XL: |  1  2  3 |
---------------+----------+-----
Polearms       | 3 4 |  4.0
Fighting       | |  2.9
Throwing       | |  1.7
Dodging        | |  2.6

Action                   |  1- 3 |  4- 6 || total
-------------------------+-------+-------++-------
Melee: Trident           |   152 |     3 ||   155
Throw: Throwing net      |     2 |       ||     2
 Stab: Sleeping          |     1 |       ||     1
  Eat: Chunk             |     2 |       ||     2
Armor: Leather armour    |    41 |       ||    41
Dodge: Dodged            |    84 |     3 ||    87
